 Dungeon Crawl Stone Soup version 0.22.1-1-ga44c0e5 (webtiles) character file.

96 Fang the Skirmisher (level 4, -1/43 HPs)
             Began as a Gargoyle Berserker on Sept 28, 2018.
             Was a Believer of Trog.
             Slain by an ogre
             ... wielding a +0 giant spiked club
              (18 damage)
             ... on level 2 of the Dungeon.
             The game lasted 00:01:31 (2054 turns).

Fang the Skirmisher (Gargoyle Berserker)            Turns: 2054, Time: 00:01:32

Health: -1/43      AC:  5    Str: 26    XL:     4   Next: 67%
Magic:  4/4        EV: 12    Int:  8    God:    Trog [**....]
Gold:   106        SH:  0    Dex:  9    Spells: 3/3 levels left

rFire    . . .     SeeInvis .   a - +0 hand axe
rCold    . . .     Gourm    .   (no shield)
rNeg     + . .     Faith    .   b - +0 animal skin
rPois    ∞         Spirit   .   (no helmet)
rElec    +         Reflect  .   (no cloak)
rCorr    .         Harm     .   (no gloves)
MR       .....                  (no boots)
Stlth    ..........             (no amulet)
HPRegen  0.14/turn              (no ring)
MPRegen  0.09/turn              (no ring)

@: berserking, very quick
A: negative energy resistance 1, electricity resistance, unbreathing,
petrification resistance, rot immunity, AC +3
a: Berserk, Trog's Hand, Renounce Religion


You were on level 2 of the Dungeon.
You worshipped Trog.
Trog was pleased with you.
You were very hungry.

You visited 1 branch of the dungeon, and saw 2 of its levels.

You collected 106 gold pieces.

Inventory:

Hand Weapons
 a - a +0 hand axe (weapon)
Armour
 b - a +0 animal skin (worn)
Scrolls
 d - 4 scrolls of identify {unknown}
 f - a scroll of amnesia {unknown}
 i - a scroll of enchant armour {unknown}
 k - a scroll of teleportation {unknown}
 l - a scroll of magic mapping {unknown}
 m - 2 scrolls of enchant weapon {unknown}
Potions
 e - 4 potions of curing {unknown}
 g - a potion of lignification {unknown}
 h - a potion of ambrosia {unknown}
 j - a potion of haste {unknown}
Comestibles
 c - 2 rations


   Skills:
 + Level 4.3 Fighting
 + Level 3.7 Axes
 + Level 2.3 Armour
 + Level 2.1 Dodging
 + Level 0.5 Stealth


You had 3 spell levels left.
You didn't know any spells.
Your spell library was empty.

Dungeon Overview and Level Annotations

Branches:
Dungeon (2/15)

Altars:
Hepliaklqana
Sif Muna


Innate Abilities, Weirdness & Mutations

You are resistant to torment.
Your stone body is resilient. (AC +3)
You are immune to poison.
You resist negative energy. (rN+)
You are resistant to electric shocks. (rElec)
You can survive without breathing.
You are immune to petrification.
You are immune to rotting.


Message History

Trog accepts your kill.
You barely miss the ogre. The ogre barely misses you.
You hit the ogre.
The ogre is lightly wounded.
The ogre hits you with a giant spiked club!
You are too injured to fight recklessly!
You are too injured to fight recklessly!
You are too injured to fight recklessly!
You are too injured to fight recklessly!
You are too injured to fight recklessly!
A red film seems to cover your vision as you go berserk!
You feel yourself moving faster!
You feel mighty!
You are feeling very hungry.
The ogre barely misses you.
You hit the ogre.
The ogre is moderately wounded.
You slash the ogre!
The ogre is almost dead.
The ogre hits you with a giant spiked club!!
You die...

.#.##### ..# #..#
#..# #..# # #..#
#.#.###..#
#.....)O.###### ##
#$.)@........ ..
.#######.###########
.#
.>........(..)......
####....###########
##.### #.# #.# . #.#
. #.# #


You could see an ogre.

Vanquished Creatures
  Terence (D:2)
  An adder (D:2)
  2 oozes
  4 dart slugs
  A leopard gecko (D:1)
  A ball python (D:1)
  3 bats
  A giant cockroach (D:1)
  8 goblins
  7 hobgoblins
  2 frilled lizards
  7 kobolds
  6 rats
44 creatures vanquished.

Notes
Turn   | Place    | Note
-------+----------+-------------------------------------------
     0 | D:1      | Fang the Gargoyle Berserker began the quest for the Orb.
     0 | D:1      | Reached XP level 1. HP: 14/14 MP: 1/1
   170 | D:1      | Reached XP level 2. HP: 10/19 MP: 2/2
   786 | D:1      | Reached XP level 3. HP: 23/24 MP: 3/3
   991 | D:1      | Reached ** piety under Trog
  1181 | D:2      | Found a hazy altar of Hepliaklqana.
  1239 | D:2      | Reached skill level 4 in Fighting
  1307 | D:2      | Noticed Terence
  1316 | D:2      | Killed Terence
  1316 | D:2      | Reached XP level 4. HP: 22/29 MP: 4/4
  1695 | D:2      | Found a deep blue altar of Sif Muna.
  2044 | D:2      | Noticed an ogre
  2054 | D:2      | Slain by an ogre

Skill      XL: |  1  2  3 |
---------------+----------+-----
Axes           | 3 |  3.7
Fighting       | 4 |  4.3
Dodging        | 2 |  2.1
Armour         | |  2.3
Stealth        | |  0.5

Action                   |  1- 3 |  4- 6 || total
-------------------------+-------+-------++-------
Melee: Hand axe          |   102 |    32 ||   134
Invok: Berserk           |     2 |     1 ||     3
 Stab: Sleeping          |     2 |       ||     2
  Eat: Chunk             |     2 |       ||     2
       Ration            |       |     1 ||     1
Armor: Animal skin       |    31 |    15 ||    46
Dodge: Dodged            |    57 |    18 ||    75
